 Dungeon Crawl Stone Soup version 0.30.0-29-ga12c61a403 (webtiles) character file.

Game seed: 16381128837930753924

113 BONEBRO the Chopper (level 4, -8/35 HPs)
             Began as a Demonspawn Fighter on June 22, 2023.
             Killed by nerve-wracking pain
             ... invoked by Jessica
              (10 damage)
             ... on level 3 of the Dungeon.
             The game lasted 00:05:48 (1982 turns).

BONEBRO the Chopper (Demonspawn Fighter)            Turns: 1982, Time: 00:05:48

Health: -8/35      AC:  6    Str: 18    XL:     4   Next: 65%
Magic:  4/4        EV:  9    Int:  9    God:
Gold:   96         SH:  4    Dex: 13    Spells: 3/3 levels left

rFire   . . .        a - +0 war axe
rCold   + . .        c - +0 buckler
rNeg    . . .        b - +0 scale mail
rPois   .            (no helmet)
rElec   .            (no cloak)
rCorr   .            (no gloves)
SInv    .            (no boots)
Will    .....        (no amulet) Stlth
                     n - ring of protection from cold
HPRegen 0.25/turn    (no ring)
MPRegen 0.09/turn

%: no passive effects
@: no status effects
A: powered by pain 2
a: no special abilities


You were on level 3 of the Dungeon.
You visited 1 branch of the dungeon, and saw 3 of its levels.

You collected 96 gold pieces.

Inventory:

Hand Weapons
 a - a +0 war axe (weapon)
Armour
 b - a +0 scale mail (worn)
 c - a +0 buckler (worn)
Jewellery
 e - a ring of wizardry
 n - a ring of protection from cold (left hand)
Scrolls
 h - 2 scrolls of identify {unknown}
 l - a scroll of fear {unknown}
 m - 2 scrolls of enchant armour {unknown}
Potions
 d - 3 potions of might
 f - a potion of mutation {unknown}
 g - 2 potions of brilliance {unknown}
 i - 2 potions of cancellation {unknown}
 j - a potion of invisibility {unknown}
 k - a potion of flight {unknown}
 o - a potion of haste {unknown}


   Skills:
 - Level 3.0 Fighting
 + Level 4.5 Axes
 - Level 2.6 Armour
 - Level 2.6 Shields


You had 3 spell levels left.
You didn't know any spells.
Your spell library contained the following spells:

 Spells                   Type           Power      Damage    Failure   Level
 Sandblast                Erth           0%         2d4       86%         1
 Summon Guardian Golem    Hex/Summ       0%         N/A       99%         3
 Animate Dead             Necr           0%         N/A       100%        4
 Borgnjor's Vile Clutch   Necr/Erth      0%         N/A       100%        5
 Death Channel            Necr           0%         N/A       100%        6
 Summon Horrible Things   Summ           0%         N/A       100%        8
 Dragon's Call            Summ           0%         N/A       100%        9


Dungeon Overview and Level Annotations

Branches:
Dungeon (3/15)

Altars:

Annotations:
D:3 4 runed translucent doors, Crazy Yiuf; Jessica; scisormetimb3rs's ghost, amateur OpEE; turdburglar's ghost, weakling TrFi


Innate Abilities, Weirdness & Mutations

You sometimes gain power by taking damage.


Message History

You block Jessica's attack.
You hit Jessica but do no damage.
Jessica is severely wounded.
Jessica hits you with a +0 dagger.
* * * LOW HITPOINT WARNING * * *
Jessica drinks a potion.
Jessica is healed!
You barely miss Jessica. You block Jessica's attack. x2
You closely miss Jessica. Jessica hits you but does no damage. x2
You barely miss Jessica. You block Jessica's attack. Jessica barely misses you.
You hit Jessica.
Jessica is moderately wounded.
Jessica hits you with a +0 dagger.
* * * LOW HITPOINT WARNING * * *
Jessica points at you and mumbles some strange words.
You resist with some effort.
You hit Jessica.
Jessica is severely wounded.
You block Jessica's attack. Jessica casts a spell at you.
You resist with some effort.
You closely miss Jessica.
Jessica is severely wounded.
Jessica closely misses you.
Jessica casts a spell.
Jessica blinks!
Jessica hits you with a +0 dagger.
* * * LOW HITPOINT WARNING * * *
You closely miss Jessica.
Jessica is severely wounded.
Jessica mumbles something strange.
Jessica gestures at you while chanting. Pain shoots through your body!
* * * LOW HITPOINT WARNING * * *
Jessica hits you with a +0 dagger.
* * * LOW HITPOINT WARNING * * *
You completely miss Jessica.
Jessica is severely wounded.
Jessica casts a spell at you. Pain shoots through your body!
You die...

#....# ## .#. ####.#
########.##.. # .#
###.###.........#.#.## .#
#.......######.......# .#
##........@# #.....# .#
#........#.# ###.# .#
#.##.....#.# #...#
.####.######)#.###†#.....#
.....(...# #.#.@@..#...###
..†......# #.#######..##
####+++### #.. #..#
#♣...W...♣ #. #...
#⌠.......⌠# #.#.#
#♣.......♣# ..#.#
#$........# ##8.....8##
##$♣⌠♣!##


You could see Jessica (fast).

Vanquished Creatures
  2 adders (D:2)
  2 worms (D:2)
  A dart slug (D:1)
  4 orcs (D:3)
  8 ball pythons
  4 endoplasms
  4 giant cockroaches
  9 goblins
  5 hobgoblins
  10 jackals
  4 quokkas
  7 bats
  5 frilled lizards
  7 kobolds
  3 rats
75 creatures vanquished.

Notes
Turn   | Place    | Note
-------+----------+-------------------------------------------
     0 | D:1      | BONEBRO the Demonspawn Fighter began the quest for the Orb.
     0 | D:1      | Reached XP level 1. HP: 18/18 MP: 1/1
    64 | D:1      | Reached skill level 2 in Axes
   166 | D:1      | Found a faded altar of an unknown god.
   189 | D:1      | Got Plato's Vademecum on Silt
   207 | D:1      | Gained mutation: You sometimes gain a little power by
                  | taking damage. [demonic ancestry]
   207 | D:1      | Reached XP level 2. HP: 24/24 MP: 2/2
   496 | D:1      | Reached skill level 3 in Axes
   577 | D:1      | Got Sif Muna's Folio of Formation
   636 | D:1      | Gained mutation: You sometimes gain power by taking damage.
                  | [demonic ancestry]
   636 | D:1      | Reached XP level 3. HP: 15/29 MP: 3/3
  1093 | D:2      | Reached XP level 4. HP: 27/35 MP: 4/4
  1094 | D:2      | Reached skill level 4 in Axes
  1678 | D:3      | Found a runed translucent door.
  1679 | D:3      | Noticed Crazy Yiuf
  1722 | D:3      | Found a runed translucent gate.
  1722 | D:3      | Found a runed translucent gate.
  1722 | D:3      | Found a runed translucent gate.
  1722 | D:3      | Noticed scisormetimb3rs's ghost (amateur OpEE)
  1723 | D:3      | Noticed turdburglar's ghost (weakling TrFi)
  1951 | D:3      | Noticed Jessica
  1981 | D:3      | HP: 1/35 [Jessica/+0 dagger (1)]
  1982 | D:3      | Killed from afar by Jessica

Illustrated notes

Levels and vault maps discovered:
D:1:      matt_arrival_spirals, layout_basic,
          shapermc_ecumenical_altar_rom_forum, ebering_dispersal_statue_hall,
          minmay_cupped
D:2:      layout_rooms
D:3:      layout_basic, gammafunk_ghost_cemetery, serial_aquarium,
          aquarium_bridge_square [aquarium_subvault_wall,
          aquarium_subvault_bridge, aquarium_subvault_window,
          aquarium_subvault_wall], aquarium_bridge_long_separate
          [aquarium_subvault_bridge, aquarium_subvault_wall,
          aquarium_subvault_balcony, aquarium_subvault_bridge,
          aquarium_subvault_bridge, aquarium_subvault_bridge],
          aquarium_window_1, aquarium_window_1, aquarium_view_2e,
          aquarium_pool_corner, uniq_jessica, uniq_crazy_yiuf_cottage

Skill      XL: |  1  2  3  4 |
---------------+-------------+-----
Axes           | 2 3 4 |  4.5
Fighting       | |  3.0
Armour         | |  2.6
Shields        | |  2.6

Action                     |  1- 3 |  4- 6 || total
---------------------------+-------+-------++-------
  Melee: War axe           |   117 |    95 ||   212
 Armour: Scale mail        |    65 |    45 ||   110
  Dodge: Dodged            |    69 |    36 ||   105
  Block: Buckler           |    28 |    24 ||    52
